Map: [ESL] Moondance

Players

DRG - Winner!

  • Race: Zerg Zerg
  • Spawn Location: 12:00

ShaDoWn

  • Race: Protoss Protoss
  • Spawn Location: 6:00

Event: DreamHack SC2 Masters 2022 Valencia

VOD

Have the link to the VOD?

Description

Time

  • Played on: July 2, 2022, 7:08 a.m.
  • Length: 7:50

All games in this series

Show
View Real Time Build Order
Export as new Build Order

DRG Zerg - Winner!

Build Orders: Hatch First 

Get SALT Encoding   

  12  0:00  Drone  
  13  0:11  Overlord  
  13  0:17  Drone  
  14  0:30  Drone x2  
  16  0:43  Drone  
  17  0:51  Hatchery  
  17  0:55  Drone  
  17  0:58  Drone  
  18  1:05  Extractor  
  17  1:13  Spawning Pool  
  17  1:16  Drone  
  17  1:20  Drone  
  18  1:27  Drone  
  19  1:38  Drone  
  20  1:49  Drone  
  21  2:00  Overlord  
  21  2:02  Queen x2  
  21  2:05  Metabolic Boost  
  21  2:06  Zergling x2  
  26  2:11  Zergling x2  
  26  2:13  Zergling x2  
  28  2:21  Drone  
  29  2:24  Drone  
  30  2:33  Zergling x2  
  30  2:36  Zergling x2  
  32  2:40  Hatchery  
  31  2:45  Queen  
  31  2:51  Overlord  
  33  2:55  Zergling x2  
  33  2:58  Drone  
  35  2:59  Drone  
  35  3:09  Queen  
  35  3:11  Drone x3  
  39  3:16  Drone  
  39  3:18  Drone  
  40  3:20  Drone  
  40  3:21  Drone  
  40  3:24  Drone x2  
  44  3:36  Queen  
  44  3:43  Overlord  
  44  3:45  Spore Crawler, Drone x2  
  44  3:48  Spore Crawler  
  44  3:51  Queen  
  45  3:56  Drone x2  
  45  3:58  Drone  
  48  4:04  Drone x3  
  48  4:08  Overlord  
  51  4:11  Drone x3  
  51  4:14  Drone x2  
  51  4:16  Drone  
  57  4:18  Drone  
  57  4:22  Overlord  
  58  4:25  Overlord  
  58  4:29  Overlord  
  58  4:34  Overlord  
  58  4:35  Drone x2  
  60  4:39  Drone  
  60  4:41  Drone  
  60  4:43  Drone  
  60  4:45  Drone x5  
  68  4:48  Roach Warren  
  68  4:51  Drone  
  68  4:52  Drone  
  69  4:55  Drone x3  
  72  5:00  Zergling x4  
  72  5:05  Extractor  
  72  5:06  Lair  
  73  5:08  Spore Crawler, Extractor  
  73  5:10  Drone x3  
  73  5:12  Drone x3  
  76  5:16  Drone x4  
  76  5:18  Drone, Extractor  
  80  5:22  Overlord  
  80  5:26  Drone x3  
  80  5:28  Evolution Chamber  
  82  5:31  Drone x2  
  82  5:34  Extractor  
  82  5:35  Extractor  
  82  5:36  Hatchery  
  81  5:48  Overlord x2  
  81  5:50  Roach  
  81  5:51  Roach x5  
  81  5:52  Overlord  
  81  5:54  Overlord  
  95  5:57  Roach  
  95  6:04  Overlord x2  
  95  6:05  Glial Reconstitution  
  95  6:09  Roach x2  
  99  6:13  Roach x2  
  99  6:14  Pneumatized Carapace  
  103  6:19  Roach x2  
  103  6:25  Roach x4  
  115  6:28  Roach x2  
  115  6:31  Overlord  
  119  6:33  Roach x2  
  119  6:37  Roach x2  
  119  6:39  Roach  
  129  6:41  Zergling x6  
  129  6:43  Ravager x2  
  129  6:46  Zergling x6  
  137  6:51  Zergling x8  
  137  6:52  Ravager x2  
  140  7:03  Zergling x16  
  140  7:08  Ravager x2  
  145  7:09  Roach x5  
  153  7:18  Roach x3  
  159  7:24  Roach  
  159  7:26  Overlord x2  
Show
View Real Time Build Order
Export as new Build Order

ShaDoWn Protoss 

Build Orders: 1 Gate Expand, Oracle Opening 

Get SALT Encoding   

  12  0:00  Probe  
  13  0:12  Probe  
  14  0:17  Pylon  
  14  0:24  Probe (Chrono Boost)  
  15  0:36  Probe (Chrono Boost)  
  15  0:38  Gateway  
  16  0:45  Probe (Chrono Boost)  
  16  0:47  Assimilator  
  17  0:51  Probe  
  18  1:03  Probe  
  19  1:15  Probe  
  20  1:25  Cybernetics Core  
  20  1:34  Nexus  
  20  1:41  Pylon  
  20  1:45  Probe  
  21  1:50  Assimilator  
  21  1:57  Probe  
  21  1:58  Adept (Chrono Boost)  
  24  2:09  Probe  
  25  2:18  Adept (Chrono Boost)  
  25  2:21  Probe  
  28  2:25  Stargate  
  28  2:33  Probe  
  29  2:46  Probe (Chrono Boost)  
  29  2:48  Stalker  
  33  2:51  Probe (Chrono Boost)  
  33  2:55  Probe (Chrono Boost)  
  35  2:59  Probe (Chrono Boost)  
  35  3:00  Probe (Chrono Boost)  
  36  3:10  Probe, Oracle (Chrono Boost)  
  36  3:12  Probe  
  37  3:22  Probe  
  37  3:24  Probe  
  35  3:34  Probe  
  35  3:36  Probe  
  37  3:43  Pylon  
  37  3:46  Probe  
  36  3:49  Probe (Chrono Boost)  
  36  3:54  Warp Gate  
  37  3:55  Adept  
  37  4:01  Probe (Chrono Boost)  
  41  4:04  Probe (Chrono Boost)  
  41  4:09  Probe (Chrono Boost)  
  42  4:12  Probe (Chrono Boost)  
  42  4:14  Pylon  
  42  4:15  Probe  
  44  4:20  Nexus  
  44  4:23  Probe (Chrono Boost)  
  45  4:30  Probe (Chrono Boost)  
  46  4:32  Oracle  
  46  4:35  Probe (Chrono Boost)  
  46  4:36  Assimilator  
  46  4:38  Assimilator  
  50  4:43  Probe x2 (Chrono Boost)  
  52  4:49  Pylon  
  52  4:51  Probe x2  
  54  5:07  Probe x2 (Chrono Boost)  
  54  5:13  Pylon  
  56  5:14  Nexus  
  56  5:19  Probe (Chrono Boost)  
  56  5:20  Probe (Chrono Boost)  
  56  5:21  Twilight Council, Forge  
  58  5:27  Sentry, Probe (Chrono Boost)  
  58  5:28  Probe (Chrono Boost)  
  61  5:32  Probe  
  61  5:34  Gateway  
  61  5:35  Probe  
  63  5:36  Probe  
  65  5:43  Pylon  
  65  5:44  Probe  
  65  5:47  Probe  
  65  5:49  Gateway  
  67  5:52  Probe, Gateway  
  68  5:57  Probe  
  68  5:59  Charge  
  68  6:01  Sentry  
  68  6:03  Shield Battery  
  68  6:04  Probe  
  72  6:05  Probe  
  72  6:09  Probe, Assimilator  
  74  6:16  Probe  
  74  6:17  Probe, Gateway  
  76  6:18  Phoenix  
  76  6:21  Probe  
  76  6:25  Stalker  
  80  6:27  Probe  
  80  6:28  Probe  
  80  6:29  Probe  
  83  6:33  Probe  
  83  6:39  Probe  
  85  6:40  Probe, Robotics Facility  
  85  6:41  Probe  
  85  6:45  Stalker x2, Robotics Facility  
  91  6:48  Shield Battery  
  91  6:49  Stalker  
  91  6:53  Shield Battery  
  93  6:59  Stalker  
  95  7:08  Shield Battery  
  95  7:09  Photon Cannon  
  95  7:11  Photon Cannon, Probe  
  92  7:16  Probe  
  92  7:19  Stalker x4  
  97  7:26  Zealot  
  97  7:27  Pylon  
  95  7:31  Zealot  
  92  7:43  Zealot x3  

Tags
 
Add a new tag
Caveats
  • Supply blocks, unpowered buildings, or Contaminate may cause inaccurate times.
  • Supply counts are checked every 10 seconds.